 Dungeon Crawl Stone Soup version 0.26-a0-67-g850bfe61e3 (webtiles) character file.

Game seed: 6985998308675748345

39 Gargoyl the Skirmisher (level 3, -6/31 HPs)
             Began as a Centaur Abyssal Knight on June 12, 2020.
             Was a Follower of Lugonu.
             Mangled by a black bear (8 damage)
             ... on level 2 of the Dungeon.
             The game lasted 00:01:35 (1024 turns).

Gargoyl the Skirmisher (Centaur Abyssal Knight)     Turns: 1024, Time: 00:01:36

Health: -6/31      AC:  6    Str: 14    XL:     3   Next: 28%
Magic:  4/4        EV:  8    Int: 11    God:    Lugonu [*.....]
Gold:   45         SH:  0    Dex:  9    Spells: 2/2 levels left

rFire    . . .     SeeInvis +   a - +1 hand axe
rCold    . . .     Gourm    .   (no shield)
rNeg     . . .     Faith    .   d - +1 ring mail "Qiofif" {SInv}
rPois    .         Spirit   .   (no helmet)
rElec    .         Reflect  .   (no cloak)
rCorr    .         Harm     .   (no gloves)
MR       .....                  (no barding)
Stlth    ..........             (no amulet)
HPRegen  0.10/turn              (no ring)
MPRegen  0.09/turn              (no ring)

@: mighty, very quick
A: large, hooves 3, deformed body, speed 2, tough skin 3
a: Depart the Abyss, Renounce Religion


You were on level 2 of the Dungeon.
You worshipped Lugonu.
Lugonu was aware of your devotion.
You were not hungry.

You visited 1 branch of the dungeon, and saw 2 of its levels.
You visited the Abyss 1 time.

You collected 45 gold pieces.

Inventory:

Hand Weapons
 a - a +1 hand axe (weapon)
Armour
 b - a +0 leather armour
 d - the +1 ring mail "Qiofif" (worn) {SInv}
   (You found it on level 2 of the Abyss)

   It lets you see invisible.
Scrolls
 e - a scroll of enchant weapon {unknown}
 g - a scroll of random uselessness {unknown}
 h - a scroll of teleportation {unknown}
 j - a scroll of enchant armour {unknown}
 k - a scroll of fog {unknown}
Comestibles
 c - 2 rations
 f - 4 chunks of flesh


   Skills:
 + Level 3.5 Fighting
 + Level 2.1 Axes
 * Level 1.7 Armour
 * Level 1.0 Dodging
 * Level 2.3 Invocations


You had 2 spell levels left.
You didn't know any spells.
Your spell library was empty.

Dungeon Overview and Level Annotations

Branches:
Dungeon (2/15)

Altars:


Innate Abilities, Weirdness & Mutations

You have hooves in place of feet.
Armour fits poorly on your strangely shaped body.
You cover ground very quickly.
You have extremely tough skin. (AC +3)


Message History

The black bear goes berserk!
You closely miss the black bear.
The black bear is severely wounded.
The black bear bites you but does no damage.
The black bear claws you but does no damage.
The black bear claws you.
* * * LOW HITPOINT WARNING * * *
The black bear bites you but does no damage.
The black bear barely misses you. x2
You barely miss the black bear.
The black bear is severely wounded.
The black bear barely misses you.
The black bear completely misses you. x2
The black bear bites you.
* * * LOW HITPOINT WARNING * * *
The black bear barely misses you. x2
Unknown command.
You closely miss the black bear.
The black bear is severely wounded.
The black bear bites you!
You die...

..#.........#
#.#.........######
............##...###########
>..................>.......#
..................##.#.....#
....#.##..#..#....##.#.....#
.....................#.....#
.##.#.##..####.#######.....###
................@hK............
......÷........#######.....####
....##.###.#÷..### #.....#
÷.÷.##.# #......(# #.....#
.......###.#.#.#.# #####.#
.#..##.....#.#...# .#
......######...### .# ......#
#.#.# ##.##.# #.#..


You could see a black bear (berserk) and a kobold.

Vanquished Creatures
  A gnoll (D:1)
  An ooze (D:1)
  A dart slug (D:1)
  4 bats (D:1)
  2 giant cockroaches (D:1)
  4 goblins (D:1)
  3 hobgoblins
  3 kobolds (D:1)
  A quokka (D:2)
  2 frilled lizards
  3 rats
25 creatures vanquished.

Notes
Turn   | Place    | Note
-------+----------+-------------------------------------------
     0 | Abyss:1  | Gargoyl the Centaur Abyssal Knight began the quest for the
                  | Orb.
     0 | Abyss:1  | Reached XP level 1. HP: 19/19 MP: 2/2
    20 | Abyss:2  | Noticed a neqoxec
    22 | Abyss:2  | Got a polished ring mail
    24 | D:1      | Escaped the Abyss
    35 | D:1      | Identified the +1 ring mail "Qiofif" {SInv} (You found it
                  | on level 2 of the Abyss)
    83 | D:1      | Reached XP level 2. HP: 24/26 MP: 3/3
   264 | D:1      | Reached * piety under Lugonu
   355 | D:1      | Reached skill level 1 in Dodging
   411 | D:1      | Reached XP level 3. HP: 28/31 MP: 4/4
  1003 | D:2      | Noticed a black bear
  1024 | D:2      | Mangled by a black bear

Illustrated notes

Levels and vault maps discovered:
D:1:      lemuel_arrival_hallway, layout_basic, hangedman_decor_points,
          minmay_misc_feat_chi
D:2:      layout_basic

Skill      XL: |  1  2 |
---------------+-------+-----
Dodging        | 1 |  1.0
Axes           | 2 |  2.1
Fighting       | |  3.5
Armour         | |  1.7
Invocations    | |  2.3

Action                   || total
-------------------------++-------
Melee: Hand axe          ||    80
       Kick              ||    11
Invok: Depart the Abyss  ||     1
  Use: Potion            ||     2
Armor: Ring mail         ||    47
Dodge: Dodged            ||    54

Table legend:
 A = Non-vault XP
 B = Vault XP
 C = Vault XP percentage of total XP
 D = Non-vault monster count
 E = Vault monster count
 F = Vault count percentage of total count
                 A         B        C        D         E       F
            +---------+---------+-------+---------+---------+-------
      Total |      57 |       0 |   0.0 |      25 |       0 |   0.0
            +---------+---------+-------+---------+---------+-------
        D:1 |      50 |       0 |   0.0 |      20 |       0 |   0.0
        D:2 |       7 |       0 |   0.0 |       5 |       0 |   0.0
            +---------+---------+-------+---------+---------+-------
